 Dungeon Crawl Stone Soup version 0.29.1-15-g9cfb28693d (webtiles) character file.

Game seed: 18226239522659355983

189 boopmooplesden the Twirler (level 5, -8/45 HPs)
             Began as a Minotaur Gladiator on Mar 13, 2023.
             Mangled by Edmund
             ... wielding a +3 dire flail of protection
              (11 damage)
             ... on level 4 of the Dungeon.
             The game lasted 00:03:08 (2890 turns).

boopmooplesden the Twirler (Minotaur Gladiator)     Turns: 2890, Time: 00:03:09

Health: -8/45      AC:  3    Str: 21    XL:     5   Next: 40%
Magic:  4/4        EV: 12    Int:  5    God:
Gold:   321        SH:  0    Dex: 11    Spells: 4/4 levels left

rFire   . . .      SeeInvis .   a - +0 quarterstaff
rCold   . . .      Faith    .   (shield currently unavailable)
rNeg    . . .      Spirit   .   b - +0 leather armour
rPois   .          Reflect  .   c - +0 hat
rElec   .          Harm     .   (no cloak)
rCorr   .          Rampage  .   (no gloves)
Will    .....                   (no boots)
Stlth   +.........              (no amulet)
HPRegen 0.15/turn               (no ring)
MPRegen 0.09/turn               (no ring)

@: no status effects
A: horns 2, retaliatory headbutt
a: no special abilities


You were on level 4 of the Dungeon.
You visited 1 branch of the dungeon, and saw 4 of its levels.

You collected 321 gold pieces.

Inventory:

Hand Weapons
 a - a +0 quarterstaff (weapon)
Armour
 b - a +0 leather armour (worn)
 c - a +0 hat (worn)
 o - a +0 cloak
Scrolls
 g - 2 scrolls of magic mapping
 h - 2 scrolls of identify
 m - a scroll of amnesia
Potions
 i - 2 potions of might {unknown}
 j - 2 potions of brilliance {unknown}
 k - 2 potions of curing
 l - a potion of degeneration {unknown}
 p - a potion of flight {unknown}
 q - a potion of haste {unknown}


   Skills:
 + Level 3.1 Fighting
 + Level 5.8 Staves
 + Level 2.1 Throwing
 + Level 2.7 Armour
 + Level 4.0 Dodging
 + Level 0.1 Stealth


You had 4 spell levels left.
You didn't know any spells.
Your spell library contained the following spells:

 Spells                   Type           Power      Damage    Failure   Level
 Freeze                   Ice            0%         1d3       52%         1
 Sandblast                Erth           0%         2d4       52%         1
 Passwall                 Tmut/Erth      0%         N/A       67%         2
 Poisonous Vapours        Pois/Air       0%         N/A       67%         2
 Frozen Ramparts          Ice            0%         1d1       88%         3
 Stone Arrow              Conj/Erth      0%         3d7       88%         3
 Corpse Rot               Necr/Pois/Air  0%         N/A       99%         4
 Hailstorm                Conj/Ice       0%         3d3       99%         4


Dungeon Overview and Level Annotations

Branches:
Dungeon (4/15)
 Temple: D:4-7

Altars:
Ru

Shops:
D:2 :((   D:4 :

Annotations:
D:4 Edmund


Innate Abilities, Weirdness & Mutations

You have a pair of horns on your head.
You reflexively headbutt those who attack you in melee.


Message History

The throwing net completely misses Edmund.
Edmund barely misses you.
You closely miss Edmund. You headbutt Edmund, but do no damage.
Edmund is heavily wounded.
Edmund hits you with a +3 dire flail of protection!
You hit Edmund but do no damage.
Edmund is heavily wounded.
Edmund asks, "Have you met my wondrous brother?"
Edmund hits you with a +3 dire flail of protection!
You closely miss Edmund.
Edmund is heavily wounded.
Edmund hits you with a +3 dire flail of protection!
* * * LOW HITPOINT WARNING * * *
You hit Edmund but do no damage.
Edmund is heavily wounded.
Edmund closely misses you.
You feel much better.
Edmund hits you with a +3 dire flail of protection!
The air fills with toxic fumes!
As you read the scroll labelled EXA KAMMAZ, it crumbles to dust.
It was a scroll of poison.
Edmund hits you with a +3 dire flail of protection!
* * * LOW HITPOINT WARNING * * *
Throw: javelin
Press: ? - help, Q - select action Shift-Dir - straight line, f/p - Edmund
Aim: Edmund, wielding a +3 dire flail of protection and wearing a +0 chain mail (heavily wounded, 65% to hit)
You throw a javelin. The javelin pierces through Edmund.
Edmund is heavily wounded.
Edmund drinks a potion.
Edmund is healed!
Edmund barely misses you.
You sock Edmund!
Edmund is heavily wounded.
Edmund barely misses you.
You hit Edmund but do no damage. Your headbutt misses Edmund.
Edmund is heavily wounded.
Edmund closely misses you. You furiously retaliate!
You headbutt Edmund, but do no damage. You closely miss Edmund.
Edmund is heavily wounded.
Edmund hits you with a +3 dire flail of protection!
You die...

########## #........#
♣♣.P♣####†# ♣P.♣♣ #.#
♣P~♣ #.# ###### ♣P~♣♣
#§######§☼§§§§ ♣♣♣♣~~♣♣
♣§☼§§§§§§§§#
~~♣~~~P♣♣~♣§§§§§@§§§§#
...~~~~~~§§§####@§§§§#PP
♣~~..~~.P♣P## #☼#§#§###
♣♣♣♣~♣♣♣♣♣♣ #§#§§☼# P~~♣
☼§§.### ♣♣.~♣ ### #
##♣P~♣♣ #### ..♣~.♣ ....
#..#.# #..


You could see Edmund.

Vanquished Creatures
  A black bear (D:4)
  3 adders
  A dart slug (D:1)
  A worm (D:4)
  An orc (D:4)
  8 ball pythons
  3 endoplasms
  3 giant cockroaches
  9 goblins
  8 hobgoblins
  2 jackals (D:2)
  3 quokkas (D:1)
  6 bats
  2 frilled lizards
  5 kobolds
  3 rats
59 creatures vanquished.

Vanquished Creatures (others)
  9 fungi (D:4)
9 creatures vanquished.

Grand Total: 68 creatures vanquished

Notes
Turn   | Place    | Note
-------+----------+-------------------------------------------
     0 | D:1      | boopmooplesden the Minotaur Gladiator began the quest for
                  | the Orb.
     0 | D:1      | Reached XP level 1. HP: 18/18 MP: 0/0
   198 | D:1      | Reached skill level 4 in Staves
   198 | D:1      | Reached XP level 2. HP: 19/25 MP: 1/1
   358 | D:1      | Found a faded altar of an unknown god.
   596 | D:1      | Reached XP level 3. HP: 28/30 MP: 2/2
  1154 | D:2      | Found Ziysoej's Antique Weapon Shop.
  1296 | D:2      | Found Meum Xei's Book Boutique.
  1329 | D:2      | Reached skill level 1 in Armour
  1373 | D:2      | Found Cink's Weapon Boutique.
  1503 | D:2      | Found the +7 Kryia's mail coat {PotionHeal*2 rC+}
  1751 | D:3      | Found a sacrificial altar of Ru.
  2412 | D:4      | Reached skill level 5 in Staves
  2412 | D:4      | Reached XP level 4. HP: 27/37 MP: 3/3
  2671 | D:4      | Found Malucs's Book Boutique.
  2734 | D:4      | Noticed a black bear
  2736 | D:4      | Killed a black bear
  2737 | D:4      | Reached XP level 5. HP: 40/45 MP: 4/4
  2867 | D:4      | Noticed Edmund
  2883 | D:4      | HP: 2/45 [Edmund/+3 dire flail of protection (13)]
  2890 | D:4      | Mangled by Edmund

Illustrated notes

Levels and vault maps discovered:
D:1:      minmay_arrival_diagonal_passages, layout_basic,
          nicolae_ecumenical_snake_handling
D:2:      layout_basic, serial_shops, shop_coins, shop, shop
D:3:      layout_loops_ring, mainiacjoe_overflow_surrounded_room,
          minmay_statues_item, due_unseen_surprise
D:4:      layout_loops_ring, minmay_temple_entry_fiery, serial_aquarium,
          aquarium_bridge_straight [aquarium_subvault_bridge,
          aquarium_subvault_wall, aquarium_subvault_bridge,
          aquarium_subvault_window], aquarium_window_fake, aquarium_window_2,
          aquarium_window_1, aquarium_window_1, aquarium_view_2b,
          aquarium_view_2c, aquarium_balcony_1b, aquarium_pool_side,
          serial_shops, nicolae_shop_advertising_works
          [nicolae_subvault_shop_adworks], minivault_1, dk_noncrumbling_3,
          serial_bayou_crossing, uniq_duvessa, uniq_edmund

Skill      XL: |  1  2  3  4 |
---------------+-------------+-----
Staves         | 4 5 |  5.8
Armour         | 1 2 |  2.7
Fighting       | 3 |  3.1
Dodging        | 4 |  4.0
Throwing       | |  2.1
Stealth        | |  0.1

Action                   |  1- 3 |  4- 6 || total
-------------------------+-------+-------++-------
Melee: Quarterstaff      |    82 |    35 ||   117
       Headbutt          |    14 |     7 ||    21
Throw: Throwing net      |       |     3 ||     3
       Javelin           |       |     1 ||     1
  Use: Scroll            |     7 |     1 ||     8
       Potion            |       |     1 ||     1
 Stab: Held in net/web   |       |     1 ||     1
Armor: Leather armour    |    13 |     6 ||    19
Dodge: Dodged            |    41 |    19 ||    60
